 Dungeon Crawl Stone Soup version 0.30.1-3-gfc49f6343a (webtiles) character file.

Game seed: 10500641351550957177

983 Fodor the Covered (level 7, -17/62 HPs)
             Began as a Minotaur Fighter on July 20, 2023.
             Demolished by a gnoll
             ... wielding a +1 spear of distortion
             ... led by a gnoll bouda
              (23 damage)
             ... on level 5 of the Dungeon on July 24, 2023.
             The game lasted 00:24:34 (4569 turns).

Fodor the Covered (Minotaur Fighter)                Turns: 4569, Time: 00:24:35

Health: -17/62     AC: 14    Str: 21    XL:     7   Next: 96%
Magic:  6/6        EV:  8    Int:  7    God:
Gold:   215        SH:  5    Dex:  9    Spells: 6/6 levels left

rFire   . . .        s - +1 mace (heavy)
rCold   . . .        c - +0 buckler
rNeg    . . .        m - +0 chain mail
rPois   .            (helmet restricted)
rElec   .            (no cloak)
rCorr   .            (no gloves)
SInv    .            (no boots)
Will    .....        (no amulet) Stlth
                     g - ring of flight
HPRegen 0.30/turn    l - +4 ring of protection
MPRegen 0.10/turn

%: no passive effects
@: flying
A: horns 2, retaliatory headbutt
a: no special abilities


You were on level 5 of the Dungeon.
You visited 1 branch of the dungeon, and saw 5 of its levels.

You collected 215 gold pieces.

Inventory:

Hand Weapons
 p - a +3 dagger of draining
 s - a +1 heavy mace (weapon)
Missiles
 b - 9 poisoned darts (quivered)
Armour
 c - a +0 buckler (worn)
 m - a +0 chain mail (worn)
Jewellery
 g - a ring of flight (left hand)
 l - a +4 ring of protection (right hand)
 x - a +4 ring of slaying
Wands
 q - a wand of roots (13)
 y - a wand of flame (21)
Scrolls
 a - a scroll of enchant weapon {unknown}
 e - a scroll of amnesia {unknown}
 f - 4 scrolls of teleportation
 h - 2 scrolls of fog {unknown}
 i - 2 scrolls of vulnerability {unknown}
 n - a scroll of enchant armour
 o - a scroll of torment
 t - 2 scrolls of summoning
 u - a scroll of fear {unknown}
 v - a scroll of noise {unknown}
Potions
 d - 2 potions of might
 j - 2 potions of flight {unknown}
 k - 2 potions of curing {unknown}
 r - 2 potions of heal wounds {unknown}
 w - a potion of invisibility {unknown}


   Skills:
 + Level 5.8 Fighting
 + Level 4.2(5.0) Short Blades
 + Level 4.2(5.2) Long Blades
 + Level 2.6 Maces & Flails
 + Level 6.4 Armour
 + Level 1.4 Dodging
 + Level 0.7 Stealth
 + Level 5.5 Shields


You had 6 spell levels left.
You didn't know any spells.
Your spell library contained the following spells:

 Spells                   Type           Power      Damage    Failure   Level
 Hailstorm                Conj/Ice       0%         3d3       100%        3
 Ice Form                 Ice/Tmut       0%         N/A       100%        4
 Simulacrum               Ice/Necr       0%         N/A       100%        6


Dungeon Overview and Level Annotations

Branches:
Dungeon (5/15)
 Temple: D:4-7

Altars:


Innate Abilities, Weirdness & Mutations

You have a pair of horns on your head.
You reflexively headbutt those who attack you in melee.


Message History

The ufetubus hits you but does no damage. x2
The gnoll is no longer moving quickly.
The gnoll hits you from afar with a +1 spear of distortion.
Space warps around you.
The gnoll hits you but does no damage. x2
You block the ufetubus's attack. The ufetubus closely misses you.
The gnoll hits you but does no damage.
You thump the gnoll!
You kill the gnoll!
The gnoll is no longer moving quickly.
The ufetubus barely misses you. You furiously retaliate!
You headbutt the ufetubus. You block the ufetubus's attack.
You block the gnoll's attack. The ufetubus closely misses you.
The ufetubus hits you but does no damage.
The gnoll hits you but does no damage. The gnoll barely misses you.
The gnoll hits you from afar with a +1 spear of distortion.
Space warps horribly around you!!
* * * LOW HITPOINT WARNING * * *
The ufetubus barely misses you.
The ufetubus hits you but does no damage.
The hound closely misses you. The gnoll closely misses you.
You furiously retaliate!
You headbutt the gnoll!
You kill the gnoll!
The gnoll hits you but does no damage. x2
You miss the ufetubus. You headbutt the ufetubus.
You kill the ufetubus!
The gnoll is no longer moving quickly.
The hound closely misses you. You furiously retaliate!
You headbutt the hound! The hound bites you but does no damage.
The gnoll hits you with a +0 halberd.
* * * LOW HITPOINT WARNING * * *
You block the gnoll's attack. You block the hound's attack.
You block the gnoll's attack. The gnoll hits you but does no damage.
Space warps around you.
* * * LOW HITPOINT WARNING * * *
The hound barely misses you. You furiously retaliate!
You headbutt the hound!
You kill the hound!
The gnoll hits you but does no damage. You block the gnoll's attack.
The gnoll hits you from afar with a +1 spear of distortion.
* * * LOW HITPOINT WARNING * * *
Space warps horribly around you!!
You die...

##########
#......@.#
#........##
##....g.g..##
###..<....))...#
....5.........<$....
####^####.....##...?
.. #)#.### #### #..
#.#.# #. #.#.#


You could see 2 gnolls.

Vanquished Creatures
  Pikel (D:4)
  Sigmund (D:4)
  A gnoll bouda (D:5)
  A hound (D:5)
  A sleepcap (D:3)
  Natasha (thrice) (D:2)
  An orc wizard (D:2)
  3 gnolls
  5 adders
  An ufetubus (D:5)
  2 worms (D:2)
  2 dart slugs
  6 orcs
  7 bats
  5 endoplasms
  8 goblins
  9 hobgoblins
  2 quokkas
  10 ball pythons
  2 frilled lizards
  11 kobolds
  7 rats
89 creatures vanquished.

Notes
Turn   | Place    | Note
-------+----------+-------------------------------------------
     0 | D:1      | Fodor the Minotaur Fighter began the quest for the Orb.
     0 | D:1      | Reached XP level 1. HP: 19/19 MP: 0/0
    35 | D:1      | Reached XP level 2. HP: 17/27 MP: 1/1
   178 | D:1      | Reached skill level 4 in Armour
   531 | D:1      | Reached XP level 3. HP: 30/33 MP: 2/2
  1440 | D:2      | Noticed Natasha
  1448 | D:2      | Killed Natasha
  1449 | D:2      | Reached XP level 4. HP: 27/40 MP: 3/3
  1527 | D:2      | Noticed Natasha
  1545 | D:2      | Killed Natasha
  1546 | D:2      | Reached skill level 5 in Armour
  1653 | D:2      | Noticed Natasha
  1663 | D:2      | Killed Natasha
  1817 | D:2      | Reached XP level 5. HP: 45/47 MP: 4/4
  2402 | D:3      | Reached skill level 1 in Short Blades
  3264 | D:4      | Noticed Sigmund
  3277 | D:4      | Killed Sigmund
  3278 | D:4      | Reached skill level 5 in Fighting
  3278 | D:4      | Reached skill level 1 in Dodging
  3278 | D:4      | Reached XP level 6. HP: 39/56 MP: 5/5
  3376 | D:4      | Noticed Pikel
  3390 | D:4      | Killed Pikel
  3391 | D:4      | Reached skill level 6 in Armour
  3391 | D:4      | Reached skill level 5 in Shields
  3391 | D:4      | Reached XP level 7. HP: 37/62 MP: 6/6
  4552 | D:5      | Entered Level 5 of the Dungeon
  4569 | D:5      | Demolished by a gnoll

Illustrated notes

Levels and vault maps discovered:
D:1:      lemuel_arrival_hallway, layout_loops_ring,
          nicolae_concentric_dashed_squares_mild, grunt_decor_mini_mirrors,
          lexackson_kobold_supper
D:2:      layout_basic, minmay_heptomino_l4, uniq_natasha
D:3:      layout_basic
D:4:      layout_basic, uniq_pikel, uniq_sigmund
D:5:      layout_rooms, lemuel_tele_altar

Skill      XL: |  1  2  3  4  5  6 |
---------------+-------------------+-----
Armour         | 4 5 6 |  6.4
Shields        | 4 5 |  5.5
Fighting       | 4 5 |  5.8
Long Blades    | 3 4 |  4.2
Short Blades   | 2 4 |  4.2
Dodging        | 1 |  1.4
Maces & Flails | 2 |  2.6
Stealth        | |  0.7

Action                     |  1- 3 |  4- 6 |  7- 9 || total
---------------------------+-------+-------+-------++-------
  Melee: Long sword        |   101 |     5 |       ||   106
         Headbutt          |    16 |    14 |     3 ||    33
         Dagger            |       |   101 |       ||   101
         Mace              |       |    23 |    16 ||    39
  Throw: Dart              |     2 |       |       ||     2
    Use: Scroll            |       |     4 |       ||     4
 Armour: Scale mail        |    16 |       |       ||    16
         Chain mail        |    57 |    86 |    22 ||   165
  Dodge: Dodged            |    39 |    56 |    18 ||   113
  Block: Buckler           |    27 |    34 |    12 ||    73
